[Event "*** Titled Tuesday 3|2 Blitz (Late)"]
[Site "Chess.com"]
[Date "2017.01.03"]
[Round "2"]
[White "MateusViageiro"]
[Black "fpawn"]
[Result "1-0"]
[WhiteElo "2320"]
[BlackElo "2215"]
[TimeControl "180+2"]
[EndTime "17:19:18 PST"]
[Termination "MateusViageiro won by resignation"]

1. e4 c5 2. Nf3 Nc6 3. Bb5 g6 4. O-O Bg7 5. Re1 Nd4 6. Nxd4 cxd4 7. c3 Qb6 8. Bf1 d6 9. Na3 Be6 10. Nc4 Qc7 11. Qa4+ Bd7 12. Qa3 a6 13. h3 b5 14.
Na5 Rc8 15. cxd4 Bxd4 16. Nb3 Bg7 17. Qxa6 Nf6 18. Bxb5 O-O 19. Bxd7 Nxd7 20. d4 Ra8 21. Qd3 Rfb8 22. Bd2 Qa7 23. Bc3 Nb6 24. Na5 Rc8 25. Nb3 Na4 26. e5 Nxc3 27. bxc3 dxe5 28. dxe5 e6 29.
c4 Qc7 30. Qe4 Qxc4 31. Rac1 Qxe4 32. Rxc8+ Rxc8 33. Rxe4 Ra8 34. a4 Kf8 35. f4 Ke8 36. Rc4 Kd8 37. Nd4 Bf8 38. Nb5 Be7 39. Kf2 h5 40. Ke3 Ra6 41. Kd4 Kd7 42. Kc3 Bd8 43.
Kb3 Bb6 44. Nd6 f6 45. Ne4 fxe5 46. fxe5 Bg1 47. Kb4 Bh2 48. Nc5+ 1-0

[Event "*** Titled Tuesday 3|2 Blitz (Late)"]
[Site "Chess.com"]
[Date "2017.01.03"]
[Round "2"]
[White "macko06"]
[Black "Houdinovic"]
[Result "1-0"]
[WhiteElo "2279"]
[BlackElo "2324"]
[TimeControl "180+2"]
[EndTime "17:19:31 PST"]
[Termination "macko06 won by resignation"]

1. e4 e6 2. d4 d5 3. Nc3 Bb4 4.
e5 b6 5. Qg4 Bf8 6. Nf3 Ne7 7. a3 Qd7 8. Bg5 Nbc6 9. Bd3 Bb7 10.
O-O h6 11. Bd2 O-O-O 12. Rfe1 Kb8 13. b4 Nf5 14. Ne2 g5 15. Qh5 Ng7 16. Qh3 Be7 17. b5 Na5 18. Bxa5 bxa5 19. Nd2 h5 20. Nb3 Nf5 21. Bxf5 exf5 22. Nxa5 Ka8 23. Nxb7 Kxb7 24. Rab1 Rh6 25. f4 g4 26. Qd3 h4 27. a4 Ka8 28.
Qe3 Rb8 29. Qb3 Rhb6 30. Nc3 c6 31. a5 R6b7 32. b6 axb6 33. axb6 Rxb6 34. Ra1+ Kb7 35. Qxb6+ Kxb6 36. Reb1+ Kc7 37. Ra7+ 1-0

[Event "*** Titled Tuesday 3|2 Blitz (Late)"]
[Site "Chess.com"]
[Date "2017.01.03"]
[Round "2"]
[White "QuintilianoR"]
[Black "SabinaFoisor"]
[Result "1-0"]
[WhiteElo "2524"]
[BlackElo "2198"]
[TimeControl "180+2"]
[EndTime "17:19:46 PST"]
[Termination "QuintilianoR won by resignation"]

1. Nf3 d5 2. b3 c5 3. e3 a6 4. Bb2 e6 5. c4 Nc6 6. d4 cxd4 7. exd4 Nf6 8. Nbd2 Bb4 9. Bd3 O-O 10.
O-O h6 11. a3 Bxd2 12. Qxd2 Ne4 13. Qe2 f5 14. Rfd1 Bd7 15. Ne5 Be8 16. f3 Nxe5 17. dxe5 Qb6+ 18. Kf1 Qxb3 19. cxd5 exd5 20. Rac1 Bh5 21.
Bd4 Rac8 22. Kg1 Rxc1 23. Rxc1 Qxa3 24. Qc2 Ng5 25. Bc5 Qa5 26. Bxf8 Kxf8 27. Qc8+ Be8 28. Qxf5+ Ke7 29. h4 Ne6 30. Kh2 Qb6 31. Rb1 Qc6 32. f4 b5 33. Qg4 Qc3 34. Bf5 Bf7 35. Bxe6 Bxe6 36. Qxg7+ Bf7 37. Qf6+ Ke8 38. Qxa6 Qd2 39. Qxb5+ Kf8 40. Qb4+ Qxb4 41. Rxb4 Be6 42. h5 Kf7 43. Kg3 Bf5 44. Kh4 Be4 45. g4 Bf3 46. Rb6 d4 47. Rxh6 d3 48. Rd6 1-0

[Event "*** Titled Tuesday 3|2 Blitz (Late)"]
[Site "Chess.com"]
[Date "2017.01.03"]
[Round "2"]
[White "nonscitis"]
[Black "capatl"]
[Result "1-0"]
[WhiteElo "2326"]
[BlackElo "2286"]
[TimeControl "180+2"]
[EndTime "17:19:52 PST"]
[Termination "nonscitis won by resignation"]

1. e4 c5 2. Nf3 e6 3. d4 cxd4 4.
Nxd4 a6 5. Nc3 Qc7 6. g3 d6 7.
Bg2 Bd7 8. O-O Nc6 9. Re1 Nf6 10. Nd5 Qd8 11. Bg5 Nxd4 12. Qxd4 exd5 13. exd5+ Be7 14.
Bxf6 gxf6 15. Qxf6 Rf8 16. Qxd6 Bb5 17. Qf6 Kd7 18.
Bh3+ Kc7 19. Rxe7+ Kb8 20. a4 Bc4 21. Qe5+ Ka7 22. Rd7 Qb6 23. a5 Qc5 24. Qe3 Rac8 25. c3 Bb3 26. Bg2 Qxe3 27. fxe3 Rcd8 28. Rxd8 Rxd8 29. Kf2 Re8 30. e4 Kb8 31. Re1 Kc7 32. Ke3 Kd6 33. Kd4 f6 34. Rf1 Ke7 35. e5 fxe5+ 36.
Kxe5 Ba4 37. Kd4 Kd7 38. Bh3+ Kd6 39. Rf6+ Kc7 40. d6+ Kb8 41. d7 Rd8 42. Rf7 h6 43. Kc5 Kc7 44. Rh7 h5 45. Rxh5 Bxd7 46. Rh7 1-0

[Event "*** Titled Tuesday 3|2 Blitz (Late)"]
[Site "Chess.com"]
[Date "2017.01.03"]
[Round "2"]
[White "VerdeNotte"]
[Black "JustKid"]
[Result "1-0"]
[WhiteElo "2482"]
[BlackElo "2244"]
[TimeControl "180+2"]
[EndTime "17:19:54 PST"]
[Termination "VerdeNotte won by checkmate"]

1. e4 d6 2. d4 Nf6 3. Nc3 g6 4. Bg5 Bg7 5. Qd2 h6 6. Bf4 g5 7. Be3 Ng4 8. h4 Nxe3 9. Qxe3 e6 10. O-O-O Nc6 11. Bb5 Bd7 12. Nge2 a6 13. Bxc6 bxc6 14.
Ng3 Rg8 15. Nh5 Bh8 16. e5 Rb8 17. Ne4 dxe5 18. dxe5 Bxe5 19. c3 Qe7 20. Rxd7 Kxd7 21. Nc5+ Kc8 22. Qxe5 Rb5 23. b4 a5 24. a4 Rb8 25. Rd1 gxh4 26. f4 Rd8 27. Rxd8+ Qxd8 28. Qe2 Qd5 29. Nf6 Qf5 30. Qd2 e5 31. fxe5 axb4 32. cxb4 Qf1+ 33. Kb2 Qf5 34. Ka2 Rb6 35. a5 Rb5 36. a6 h3 37. a7 Rb8 38. Qd8+ Kxd8 39. axb8=Q+ Ke7 40. Qe8# 1-0

[Event "*** Titled Tuesday 3|2 Blitz (Late)"]
[Site "Chess.com"]
[Date "2017.01.03"]
[Round "2"]
[White "Caminator2000"]
[Black "jbj"]
[Result "1/2-1/2"]
[WhiteElo "2201"]
[BlackElo "2333"]
[TimeControl "180+2"]
[EndTime "17:20:00 PST"]
[Termination "Game drawn by agreement"]

1. d4 Nf6 2. c4 e6 3. Nf3 b6 4. g3 Ba6 5. b3 b5 6. Bg2 bxc4 7. Ne5 d5 8. bxc4 Bb4+ 9. Bd2 Bxd2+ 10. Nxd2 O-O 11. O-O c5 12. Nb3 Nbd7 13. Nxd7 Nxd7 14.
cxd5 exd5 15. Bxd5 Rc8 16. dxc5 Nxc5 17. Bf3 Qe7 18. Nxc5 Rxc5 19. Qa4 Bxe2 20. Rfe1 Re5 21. Bxe2 Rxe2 22. Rxe2 Qxe2 23. Qxa7 Rd8 24. h3 h5 25. a4 h4 26. Qe3 Rd1+ 27. Rxd1 Qxd1+ 28. Kg2 Qxa4 29. gxh4 Qxh4 30. Qe8+ Kh7 31. Qxf7 Qg5+ 32. Kh1 Qe5 33. Qf3 Kg8 34. Qb3+ Kh7 35. Kg2 Qg5+ 36. Qg3 Qd5+ 37. Qf3 Qg5+ 38. Qg3 Qd5+ 39. Kh2 Qe4 40. h4 Qf5 41. Qe3 Qg4 42. Qd3+ Kg8 43. Qd8+ Kh7 44. Qg5 Qf3 45. h5 Qxf2+ 46. Kh3 Qf3+ 47. Kh2 Qe4 48. Kg3 Qd3+ 49. Kh2 Qc2+ 50. Kh1 Qe4+ 51. Kh2 Qf3 52. Qg6+ Kh8 53. Qe8+ Kh7 54. Qg6+ Kg8 55. Qe8+ Kh7 56. Qg6+ Kg8 57. Qe8+ Qf8 58. Qxf8+ Kxf8 59. Kg3 Kg8 60.
Kg4 Kh7 61. Kg5 Kh8 62. Kg6 Kg8 63. Kg5 Kh7 64. Kf5 Kh6 65. Kg4 g5 1/2-1/2

[Event "*** Titled Tuesday 3|2 Blitz (Late)"]
[Site "Chess.com"]
[Date "2017.01.03"]
[Round "2"]
[White "nickmatta"]
[Black "gmcorrales"]
[Result "0-1"]
[WhiteElo "2347"]
[BlackElo "2553"]
[TimeControl "180+2"]
[EndTime "17:20:05 PST"]
[Termination "gmcorrales won by resignation"]

1. d4 Nf6 2. c4 g6 3. Nc3 d5 4.
Nf3 Bg7 5. Bg5 dxc4 6. e3 O-O 7. Bxc4 a6 8. O-O b5 9. Be2 Bb7 10. Ne5 Nbd7 11. Nd3 Rc8 12. a4 bxa4 13. Nxa4 Ne4 14. Bh4 c5 15. f3 g5 16. fxe4 gxh4 17. Ndxc5 Nxc5 18. Nxc5 Rxc5 19. dxc5 Qc7 20. Qc2 h3 21. g3 Qe5 22. Rf5 Qe6 23. Bc4 Qh6 24. Qf2 e6 25.
Rf4 Be5 26. Rg4+ Kh8 27. Bxa6 Bc6 28. b4 Bxa1 29. b5 Ba8 30. c6 Rd8 31. Qe2 Be5 32.
Kf2 Qf6+ 33. Qf3 Rd2+ 34. Ke1 Qxf3 35. Kxd2 Qxg4 0-1

[Event "*** Titled Tuesday 3|2 Blitz (Late)"]
[Site "Chess.com"]
[Date "2017.01.03"]
[Round "2"]
[White "Elshan1985"]
[Black "AdrianaNikolova"]
[Result "1-0"]
[WhiteElo "2587"]
[BlackElo "2243"]
[TimeControl "180+2"]
[EndTime "17:20:09 PST"]
[Termination "Elshan1985 won by resignation"]

1. Nf3 d5 2. g3 Nf6 3. Bg2 e6 4. O-O Be7 5. c4 O-O 6. d4 dxc4 7. Ne5 Nc6 8. Nxc6 bxc6 9. Na3 Rb8 10. Nxc4 c5 11.
dxc5 Qxd1 12. Rxd1 Bxc5 13. b3 Bb7 14. Bf4 Bxg2 15.
Kxg2 Nd5 16. Be5 f6 17. Bb2 Rfd8 18. Na5 Rd6 19. Rac1 Bb4 20. Nc6 Rb6 21. Nd4 Rd8 22.
Rd3 Rbd6 23. Nb5 R6d7 24. Nxa7 c5 25. Nc6 Ra8 26. a4 Rd6 27. Nxb4 cxb4 28. Rd4 Rad8 29. Rdc4 R8d7 30. R1c2 Kf7 31. Bd4 Nb6 32. Bxb6 Rxb6 33. Rc7 Ke7 34. Rxd7+ Kxd7 35. Rc4 e5 36. e4 Rb7 37.
Kf3 Ke6 38. Ke3 g6 39. f4 exf4+ 40. gxf4 h5 41. h4 Rb6 42. a5 Rb5 43. Rc6+ Ke7 44. a6 Ra5 45. Kd4 Ra1 46. Kc5 Rc1+ 47. Kb6 Re1 48. a7 Ra1 49. Rc8 g5 50. fxg5 fxg5 1-0

[Event "*** Titled Tuesday 3|2 Blitz (Late)"]
[Site "Chess.com"]
[Date "2017.01.03"]
[Round "2"]
[White "pKiLz5Rn9b"]
[Black "Abrito99"]
[Result "0-1"]
[WhiteElo "2464"]
[BlackElo "2340"]
[TimeControl "180+2"]
[EndTime "17:20:11 PST"]
[Termination "Abrito99 won by checkmate"]

1. e4 e6 2. g3 d5 3. Bg2 Nf6 4.
e5 Nfd7 5. d4 c6 6. c3 c5 7. Ne2 Nc6 8. O-O b5 9. f4 g6 10. Nd2 b4 11. c4 Nb6 12. cxd5 exd5 13. dxc5 Bxc5+ 14. Kh1 Be6 15. Nb3 Be7 16. Ned4 Qd7 17. Nxc6 Qxc6 18. Nd4 Qd7 19. Qd3 h5 20. f5 gxf5 21. Nxf5 O-O-O 22. Be3 Kb8 23. Rac1 Rc8 24. b3 Rxc1 25. Rxc1 Bxf5 26. Qa6 Rc8 27. Rd1 Bg4 28. Rf1 Be6 29. Rd1 Bc5 30. Bf4 d4 31. h4 Nd5 32. Bd2 Qb7 33. Qd3 Qb6 34.
Qh7 Ne3 35. Bxe3 dxe3 36. Qxh5 Rd8 37. Rf1 Rd2 38. Rc1 e2 39. Bf3 Bf2 40. Bxe2 Bxg3 41.
Rf1 Bd5+ 42. Bf3 Rh2# 0-1

[Event "*** Titled Tuesday 3|2 Blitz (Late)"]
[Site "Chess.com"]
[Date "2017.01.03"]
[Round "2"]
[White "PelinGorki"]
[Black "Hikaru"]
[Result "1/2-1/2"]
[WhiteElo "2413"]
[BlackElo "2844"]
[TimeControl "180+2"]
[EndTime "17:20:17 PST"]
[Termination "Game drawn - insufficient material"]

1. e4 c6 2. Nc3 d5 3. Nf3 dxe4 4.
Nxe4 Nf6 5. Qe2 Nxe4 6. Qxe4 Qd5 7. Qh4 Qe6+ 8. Be2 Qg4 9. Qg3 Qxg3 10. hxg3 Bf5 11.
d3 h6 12. Bd2 e6 13. O-O-O Nd7 14. d4 O-O-O 15. Be3 Bd6 16. Bd3 Bg4 17. Rde1 Rde8 18. Nd2 Bc7 19. f3 Bf5 20. Bxf5 exf5 21. Bf2 Nf6 22.
Nc4 Rxe1+ 23. Rxe1 Nh5 24. Re7 Rf8 25. Ne5 Kd8 26.
Rxf7 Rxf7 27. Nxf7+ Ke7 28. Ne5 Ke6 29. g4 Nf4 30.
gxf5+ Kxf5 31. g4+ Ke6 32. Kd2 a6 33. Nd3 Nh3 34.
Be3 Kd5 35. Nc5 Nf4 36. Bxf4 Bxf4+ 37. Kd3 g6 38. c4+ Kd6 39. Ke4 Bc1 40. Nxb7+ Ke7 41.
Nc5 h5 42. gxh5 gxh5 43. f4 h4 44. Kf3 Bxb2 45. Nxa6 Bxd4 46. Nb4 Kd6 47. Kg4 Kc5 48. Nxc6 Kxc6 49. Kxh4 Kc5 50. Kg5 Kxc4 51. f5 Kb4 52. f6 Ka3 53. f7 Bc5 54. f8=B Kxa2 1/2-1/2

[Event "*** Titled Tuesday 3|2 Blitz (Late)"]
[Site "Chess.com"]
[Date "2017.01.03"]
[Round "2"]
[White "Izoria123"]
[Black "platy3"]
[Result "0-1"]
[WhiteElo "2421"]
[BlackElo "2616"]
[TimeControl "180+2"]
[EndTime "17:20:25 PST"]
[Termination "platy3 won by resignation"]

1. Nf3 Nf6 2. c4 e6 3. g3 d5 4. d4 Be7 5. Bg2 O-O 6. Qc2 c5 7. O-O cxd4 8. Nxd4 e5 9. Nf5 d4 10. Nxe7+ Qxe7 11. b4 Be6 12. Nd2 Nc6 13. a3 Rac8 14. Bb2 Rfd8 15. Rfe1 b5 16. c5 a5 17. Bxc6 Rxc6 18. Nf3 Bd5 19. e4 Bc4 20. Nd2 Be6 21.
f3 h5 22. Nb3 a4 23. Nc1 Bc4 24. Nd3 h4 25. g4 Nh7 26. Bc1 Ng5 27. Bxg5 Qxg5 28.
Re2 Rf6 29. Rf1 h3 30. Qd2 Qh4 31. Nxe5 Bxe2 32. Qxe2 d3 33. Nxd3 Qg5 34. e5 Re6 35. f4 Qh4 36. f5 Ree8 37. Nf4 Rd4 38. e6 fxe6 39. fxe6 Qg5 40. Nxh3 Rxg4+ 41. Kh1 Qd5+ 42.
Qf3 Rf8 0-1

[Event "*** Titled Tuesday 3|2 Blitz (Late)"]
[Site "Chess.com"]
[Date "2017.01.03"]
[Round "2"]
[White "MattyDPerrine"]
[Black "andresgv36"]
[Result "1-0"]
[WhiteElo "2252"]
[BlackElo "2292"]
[TimeControl "180+2"]
[EndTime "17:20:32 PST"]
[Termination "MattyDPerrine won on time"]

1. d4 Nf6 2. Nf3 d5 3. c4 c6 4.
Nc3 e6 5. e3 Nbd7 6. Qc2 Bd6 7.
Bd2 O-O 8. g4 b5 9. cxb5 c5 10.
g5 Ne8 11. e4 Bb7 12. dxc5 Nxc5 13. exd5 exd5 14. Nd4 Rc8 15. Bd3 Ne4 16. f3 Nxg5 17. O-O-O Be5 18. Be3 Qf6 19. Qf2 Ne6 20. Bc2 Nd6 21.
Kb1 Nc4 22. Nce2 Bxd4 23. Nxd4 Nc5 24. Bc1 g6 25. b3 Nd6 26. Bb2 Qd8 27. Ne2 f6 28.
Nd4 Qd7 29. Rhe1 Qf7 30. h4 Rce8 31. h5 Bc8 32. hxg6 hxg6 33. Rg1 f5 34. Rh1 Re5 35. Nc6 d4 36. Nxe5 Qe6 37. Qxd4 Rf6 38. Qxc5 1-0

[Event "*** Titled Tuesday 3|2 Blitz (Late)"]
[Site "Chess.com"]
[Date "2017.01.03"]
[Round "2"]
[White "MaestroASK"]
[Black "FastChance"]
[Result "0-1"]
[WhiteElo "2466"]
[BlackElo "2498"]
[TimeControl "180+2"]
[EndTime "17:20:37 PST"]
[Termination "FastChance won by resignation"]

1. g3 Nf6 2. Bg2 e6 3. d3 d5 4.
e4 Be7 5. Nh3 b5 6. O-O Bb7 7.
Nd2 O-O 8. f4 dxe4 9. dxe4 c5 10. a4 a6 11. axb5 axb5 12. Rxa8 Bxa8 13. e5 Nd5 14. Qe2 c4 15. Ne4 Qb6+ 16. Nhf2 Nc6 17. c3 Bb7 18. Rd1 Ra8 19. Kf1 b4 20. Ng4 bxc3 21.
bxc3 Qb3 22. Bd2 Ra2 23. Qe1 Qc2 24. Bf3 h5 25. Ne3 Nxe3+ 26. Qxe3 Na5 27. Nf2 Bc5 28.
Qe2 Bxf3 29. Qxf3 Bxf2 30. Kxf2 Nb3 31. Ke1 Nxd2 32. Qe2 Nf3+ 33. Qxf3 Qxh2 34. Kf1 g6 35. Rd8+ Kg7 36. Rd1 Qh3+ 37. Kg1 h4 38. Rd4 hxg3 0-1

[Event "*** Titled Tuesday 3|2 Blitz (Late)"]
[Site "Chess.com"]
[Date "2017.01.03"]
[Round "2"]
[White "penguingm1"]
[Black "Hamisandwich"]
[Result "1-0"]
[WhiteElo "2677"]
[BlackElo "2384"]
[TimeControl "180+2"]
[EndTime "17:20:41 PST"]
[Termination "penguingm1 won by checkmate"]

1. d4 Nf6 2. c4 b6 3. Nc3 Bb7 4.
Qc2 d5 5. cxd5 Nxd5 6. e4 Nxc3 7.
bxc3 e6 8. Nf3 Be7 9. Bb5+ c6 10. Bd3 c5 11. O-O cxd4 12. cxd4 O-O 13. Be3 Nc6 14.
Qd2 Rc8 15. Rad1 Na5 16. Qe2 Qd7 17. Ne5 Qa4 18. f4 Bf6 19. f5 exf5 20. Rxf5 Bxe5 21. Rxe5 Nc4 22. Bxc4 Rxc4 23. h3 Rc2 24. Qg4 Bc8 25.
Qf3 Rc3 26. Re1 Qxa2 27. Rg5 g6 28. d5 Qa3 29. Qf2 f6 30. Rg3 Qb3 31. Rf3 Rc2 32.
Qg3 Qb4 33. Bh6 Rf7 34. Kh2 Qe7 35. e5 fxe5 36. Rxf7 Qxf7 37. Qxe5 Bd7 38. Rf1 Bf5 39. d6 Qd7 40. Re1 Rc8 41. Qf6 Qf7 42. Qd4 Be6 43. Rf1 Bf5 44. Re1 Be6 45. Rxe6 Qxe6 46. Qg7# 1-0

[Event "*** Titled Tuesday 3|2 Blitz (Late)"]
[Site "Chess.com"]
[Date "2017.01.03"]
[Round "2"]
[White "ItalianMachine"]
[Black "dretch"]
[Result "0-1"]
[WhiteElo "2227"]
[BlackElo "2590"]
[TimeControl "180+2"]
[EndTime "17:20:41 PST"]
[Termination "dretch won by resignation"]

1. e4 e6 2. d4 d5 3. Nd2 c5 4. dxc5 Bxc5 5. exd5 Qxd5 6. Ngf3 Nf6 7. Bc4 Qh5 8. O-O O-O 9. Qe2 Nbd7 10. Ne4 Nxe4 11. Qxe4 Nf6 12. Qe5 b6 13. Qxh5 Nxh5 14. Ne5 Rd8 15. Nd3 Be7 16. Be3 Bb7 17. Rad1 Rac8 18.
Bb3 Ba6 19. Rfe1 Bxd3 20. cxd3 Nf6 21. Bc4 Nd5 22. Bd2 Bf6 23. Rb1 Rc7 24. Rec1 g6 25.
Bh6 Rcd7 26. a3 g5 27. h4 gxh4 28. Re1 Ne7 29. Bb5 Rd5 30. Bc4 Rh5 31. Bf4 Ng6 32.
Bh2 b5 33. Ba2 Rxd3 34. Bb8 a5 35. Bc7 a4 36. b3 Rf5 37. bxa4 bxa4 38. Rb8+ Kg7 39.
Bb1 Rxa3 40. Bxf5 exf5 41. Ra8 Ra2 42. Bb6 Ne5 43. Rd1 Ng4 44. Bd4 Bxd4 45. Rxd4 Ra1+ 0-1

[Event "*** Titled Tuesday 3|2 Blitz (Late)"]
[Site "Chess.com"]
[Date "2017.01.03"]
[Round "2"]
[White "amurdercastle"]
[Black "Frolik67"]
[Result "0-1"]
[WhiteElo "2341"]
[BlackElo "2299"]
[TimeControl "180+2"]
[EndTime "17:20:43 PST"]
[Termination "Frolik67 won by resignation"]

1. d4 Nf6 2. c4 c5 3. d5 b5 4. cxb5 a6 5. bxa6 Bxa6 6. Nc3 g6 7. e4 d6 8. Bxa6 Nxa6 9. Nf3 Bg7 10. O-O O-O 11. a4 Qa5 12. Bd2 Rfb8 13. Nb5 Qb6 14. Qc2 Rb7 15. Ra2 Nb8 16. b3 Nbd7 17.
Bc3 Ra6 18. Nd2 Qd8 19. Nc4 Nxe4 20. Bxg7 Kxg7 21. Re1 Nef6 22. Ne3 Kf8 23. Raa1 Qa8 24.
Rad1 Ne5 25. f4 Neg4 26. Nxg4 Nxg4 27. h3 Nf6 28. g4 Qc8 29. Qc3 Kg8 30. Kf2 Rab6 31.
Re3 Qd7 32. Qc4 Rxb5 33. axb5 Rxb5 34. Rde1 Rb4 35. Qc1 Rxf4+ 36. Kg3 Nxd5 37. Rxe7 Qb5 38. Re8+ Kg7 39. Qb2+ Rd4 40. Qf2 Qxb3+ 41. Kh2 Rd3 42. h4 Qb4 43. R8e4 Qd2 44. R1e2 Qc1 45. g5 Rd1 46. Kg2 Qa1 47. Re7 Nxe7 48. Rxe7 Qa8+ 49. Kh2 Qh1+ 50. Kg3 Qg1+ 51. Qxg1 Rxg1+ 52. Kf2 Rg4 53. Rd7 Rxh4 54. Rxd6 Rd4 55. Rd5 Rxd5 0-1

[Event "*** Titled Tuesday 3|2 Blitz (Late)"]
[Site "Chess.com"]
[Date "2017.01.03"]
[Round "2"]
[White "fastestmindalive"]
[Black "Dr-Bassem"]
[Result "0-1"]
[WhiteElo "2419"]
[BlackElo "2655"]
[TimeControl "180+2"]
[EndTime "17:20:47 PST"]
[Termination "Dr-Bassem won by resignation"]

1. e4 e5 2. Nf3 Nc6 3. d4 exd4 4. Bc4 Bc5 5. c3 Nf6 6. cxd4 Bb4+ 7. Bd2 Bxd2+ 8. Nbxd2 d5 9. exd5 Nxd5 10. O-O O-O 11. Rc1 Nb6 12. Bb3 Bg4 13. h3 Bh5 14. Rc5 Bg6 15. Nc4 Nd7 16. Rb5 a6 17. Rg5 Be4 18. Rg3 Nf6 19. Nce5 Bxf3 20. Nxf3 Qd6 21. d5 Ne7 22. Qd4 Nf5 23. Qc4 Nxg3 24. fxg3 Qxg3 25. Nd4 Qe3+ 26. Kh1 Ne4 27. Nf5 Ng3+ 28. Nxg3 Qxg3 29. Rf3 Qe1+ 30. Kh2 Qe5+ 31. Rg3 Rad8 32. Qg4 Rd6 33. Bc2 g6 34. h4 Rxd5 35. Kh1 Rd4 36. Qh3 Qf4 37. h5 Qc1+ 38. Kh2 Qxc2 39. h6 Qc4 40.
Qf5 Rh4+ 0-1

[Event "*** Titled Tuesday 3|2 Blitz (Late)"]
[Site "Chess.com"]
[Date "2017.01.03"]
[Round "2"]
[White "rithwik2002"]
[Black "DiamondCrusher22"]
[Result "1-0"]
[WhiteElo "1723"]
[BlackElo "1834"]
[TimeControl "180+2"]
[EndTime "17:20:52 PST"]
[Termination "rithwik2002 won by checkmate"]

1. e4 e5 2. Nf3 Nc6 3. Bc4 Nf6 4.
Ng5 d5 5. exd5 Na5 6. Bb5+ c6 7. dxc6 bxc6 8. Bd3 Bd6 9. Nc3 h6 10. Nge4 Be7 11. Nxf6+ Bxf6 12. O-O O-O 13. b3 Re8 14. Qf3 Bb7 15. Ne4 Be7 16. Qf5 g6 17. Qxe5 Bg5 18. Qc3 Rxe4 19. Bb2 Bf6 20. Qxf6 Qxf6 21. Bxf6 Rg4 22.
Bc3 Rg5 23. f4 Rh5 24. Be2 Rd5 25. Bf3 Rf5 26. Be4 Rh5 27. Bf3 Rf5 28. Be4 Rh5 29. g4 Rh4 30. Bxa5 Rxg4+ 31. Kh1 Re8 32. Bg2 Re2 33.
Rg1 Rexg2 34. Rxg2 c5 35. Rg1 h5 36. h3 Rg3 37. Kh2 Rf3 38. Re2 Rxf4 39. Bc3 f6 40. Re8+ Kf7 41. Rge1 Rf2+ 42. Kg1 Rg2+ 43. Kf1 Rh2 44.
R1e7# 1-0

[Event "*** Titled Tuesday 3|2 Blitz (Late)"]
[Site "Chess.com"]
[Date "2017.01.03"]
[Round "2"]
[White "AllStarShark"]
[Black "chito89"]
[Result "0-1"]
[WhiteElo "2211"]
[BlackElo "2489"]
[TimeControl "180+2"]
[EndTime "17:21:07 PST"]
[Termination "chito89 won by resignation"]

1. d4 Nf6 2. Bg5 d5 3. Bxf6 gxf6 4. c4 dxc4 5. e3 c5 6. Bxc4 cxd4 7. Qxd4 Qxd4 8.
exd4 Nc6 9. Ne2 Bg7 10. Nbc3 O-O 11. O-O Rd8 12. Rfd1 a6 13. a3 b5 14. Bd5 Bb7 15. Rac1 Rac8 16. Bf3 f5 17. Bxc6 Bxc6 18. d5 Bb7 19.
Rd3 Rc4 20. Rcd1 Bf6 21. Ng3 Bc8 22. Nge2 Bd7 23. Nd4 Rdc8 24. g3 f4 25. f3 fxg3 26. hxg3 Be5 27. Kf2 Bd6 28. Ne4 Bb8 29. Ne2 Rc2 30.
R1d2 Ba7+ 31. Kg2 f5 32. Rxc2 Rxc2 33. Rd2 Rc8 34. N4c3 Kf7 35. Nd4 Kf6 36. f4 Bc5 37.
Nf3 Bxa3 38. bxa3 Rxc3 39. Ne5 Be8 40. g4 fxg4 41. Nxg4+ Kf5 42. Nf2 Kxf4 43. d6 Bc6+ 44. Kf1 exd6 45. Rxd6 Bf3 46. Nd3+ Ke3 47. Ne1 Rc1 48. Re6+ Be4 49. Re7 a5 50. Re5 b4 51.
axb4 axb4 52. Rb5 Bd3+ 0-1

[Event "*** Titled Tuesday 3|2 Blitz (Late)"]
[Site "Chess.com"]
[Date "2017.01.03"]
[Round "2"]
[White "sandromareco"]
[Black "flubs"]
[Result "1-0"]
[WhiteElo "2440"]
[BlackElo "2244"]
[TimeControl "180+2"]
[EndTime "17:21:10 PST"]
[Termination "sandromareco won by resignation"]

1. Nf3 d5 2. c4 c6 3. e3 Nf6 4.
Nc3 e6 5. d4 Nbd7 6. Qc2 b6 7. b3 Bb7 8. Bb2 Be7 9. Bd3 O-O 10.
O-O-O Rc8 11. e4 dxe4 12. Nxe4 Qc7 13. h4 h6 14. Kb1 c5 15. Rhe1 cxd4 16. Nxd4 Rfd8 17.
Nb5 Qb8 18. Ned6 Bxd6 19. Nxd6 Rc7 20. g4 Bf3 21. g5 Bxd1 22. Rxd1 hxg5 23. hxg5 Ne8 24.
Bh7+ Kf8 25. Nxf7 Kxf7 26. Qg6+ Kf8 27. Qxe6 Nc5 28. Qg8+ Ke7 29. Re1+ Kd7 30. Qd5+ Kc8 31. Bf5+ Nd7 32. Be5 Qb7 33. Qd3 Qc6 34. Bg3 g6 35.
Bg4 Qc5 36. Re5 Qc6 37. Re7 Kb8 38. Bxd7 Qh1+ 39. Kb2 Kb7 40. Bxc7 Nxc7 41. Bc6+ Kc8 42. Qxd8+ Kxd8 43. Rd7+ Kc8 44. Rxc7+ Kxc7 45. Bxh1 1-0

[Event "*** Titled Tuesday 3|2 Blitz (Late)"]
[Site "Chess.com"]
[Date "2017.01.03"]
[Round "2"]
[White "stalyansky"]
[Black "eltenedor"]
[Result "0-1"]
[WhiteElo "1085"]
[BlackElo "2058"]
[TimeControl "180+2"]
[EndTime "17:21:14 PST"]
[Termination "eltenedor won by resignation"]

1. e4 d5 2. exd5 Nf6 3. d4 Nxd5 4. Nf3 g6 5. Be2 Bg7 6. O-O O-O 7. c3 Nd7 8. Re1 c5 9. dxc5 Nxc5 10. Bc4 Nb6 11. Qxd8 Rxd8 12. Bf1 Nd5 13. Bg5 f6 14. Bh4 Bg4 15. Nbd2 g5 16. Bg3 e5 17. h4 h6 18. Nh2 Bf5 19. Rad1 Nd3 20. Bxd3 Bxd3 21. f3 Nf4 22. Bxf4 gxf4 23. Ne4 Bc2 24. Rc1 Ba4 25. b3 Bc6 26. Rcd1 f5 27. Nc5 Kf7 28. c4 b6 29. Nd3 Rd6 30. Nb4 Rad8 31. Rxd6 Rxd6 32. Nxc6 Rxc6 33. Rd1 Ke7 34. Nf1 Rd6 35. Rxd6 Kxd6 36. Nd2 Kc5 37. a3 Kd4 38. Kf2 Bf8 39. Nb1 Kd3 40. Ke1 Kc2 41. Nd2 Bxa3 42. Ke2 Bb4 43. Nf1 Kxb3 44. g3 a5 45. g4 fxg4 46. fxg4 Be7 47. g5 hxg5 48. h5 Bf8 49. Nd2+ Kc2 50. Ne4 a4 51. Nxg5 a3 52. Ne6 Bh6 0-1

[Event "*** Titled Tuesday 3|2 Blitz (Late)"]
[Site "Chess.com"]
[Date "2017.01.03"]
[Round "2"]
[White "AndrBaryshpolets"]
[Black "jk13"]
[Result "1/2-1/2"]
[WhiteElo "2461"]
[BlackElo "2539"]
[TimeControl "180+2"]
[EndTime "17:21:18 PST"]
[Termination "Game drawn by repetition"]

1. d4 Nf6 2. c4 e6 3. Nf3 Bb4+ 4.
Bd2 Bxd2+ 5. Qxd2 O-O 6. Nc3 d5 7. e3 Qe7 8. Rc1 Rd8 9. cxd5 exd5 10. Bd3 c6 11. Qc2 Be6 12. O-O Nbd7 13. a3 Bg4 14. Nd2 a5 15. Na4 Bh5 16. Nb3 Bg6 17.
Bxg6 hxg6 18. Nbc5 Nxc5 19. Qxc5 Qxc5 20. Nxc5 Ra7 21. a4 Nd7 22. Nxd7 Rxd7 23. Rc5 Kf8 24. Rb1 Ke7 25. Kf1 Kd6 26. Ke2 b6 27. Rc3 c5 28.
Rb3 Rab7 29. Rb5 cxd4 30. exd4 Rdc7 31. Kd3 Rc4 32. Ra1 Rb8 33. h4 f5 34. g3 Rc7 35.
Re1 Rd7 36. b4 axb4 37. Rxb4 Ra7 38. Re5 Ra5 39. Ke3 b5 40. axb5 Rbxb5 41. Rxb5 Rxb5 42. Re8 Rb3+ 43. Ke2 Rb2+ 44. Kf3 Rb3+ 45. Kg2 Rd3 46. Rg8 Ke6 47. Rxg7 Kf6 48. Rd7 Rxd4 49. Rd6+ Kf7 50. Kf3 Rd1 51. Ke2 Rd4 52. Ke3 Rd1 53. Kf4 d4 54. Kg5 d3 55. Kf4 Ke7 56. Rd4 Rd2 57.
Ke3 Re2+ 58. Kf3 Rd2 59. Ke3 Re2+ 60. Kf3 Rd2 61. Ke3 Re2+ 62. Kf3 Rd2 63. Ke3 Re2+ 1/2-1/2

[Event "*** Titled Tuesday 3|2 Blitz (Late)"]
[Site "Chess.com"]
[Date "2017.01.03"]
[Round "2"]
[White "Andrejkin"]
[Black "Gordima"]
[Result "0-1"]
[WhiteElo "2206"]
[BlackElo "2470"]
[TimeControl "180+2"]
[EndTime "17:21:25 PST"]
[Termination "Gordima won by checkmate"]

1. d4 Nf6 2. Nf3 g6 3. c4 Bg7 4.
Nc3 d5 5. Qb3 dxc4 6. Qxc4 O-O 7.
e4 Na6 8. Be2 c5 9. Be3 Ng4 10.
Rd1 Nxe3 11. fxe3 Be6 12. d5 Bg4 13. O-O Qb6 14. Na4 Qc7 15. Nc3 Bh6 16. Qd3 c4 17. Qd2 e5 18. Rde1 Bd7 19. a4 Rfe8 20. Bd1 Nc5 21. Bc2 a6 22. Qf2 f6 23. Nd2 Bg7 24. Nxc4 b5 25. axb5 axb5 26. Nd2 b4 27. Nd1 Bb5 28.
Nb3 Bxf1 29. Rxf1 Rec8 30. Nxc5 Qxc5 31. Bb3 Qd6 32. h4 Rf8 33. h5 f5 34. hxg6 hxg6 35. Qc2 f4 36. Qc6 Ra6 37. Qxd6 Rxd6 38. Re1 g5 39. Re2 g4 40. Rc2 Bh6 41. exf4 Bxf4 42. Rc4 g3 43. Rxb4 Bd2 44. Rc4 Rh6 45. Rc8 Rxc8 46.
d6+ Kg7 47. d7 Rf8 48. Bf7 Rxf7 49. d8=Q Rh1+ 50. Kxh1 Rf1# 0-1